 Dungeon Crawl Stone Soup version 0.28-b1-70-g80dc712255 (webtiles) character file.

Game seed: 301962902483977476

64 cbfl8 the Chopper (level 3, 0/33 HPs)
             Began as a Minotaur Chaos Knight on Feb 3, 2022.
             Was a Plaything of Xom.
             Slain by Crazy Yiuf (6 damage)
             ... on level 2 of the Dungeon.
             The game lasted 00:04:37 (1966 turns).

cbfl8 the Chopper (Minotaur Chaos Knight)           Turns: 1966, Time: 00:04:37

Health: 0/33       AC:  8    Str: 12    XL:     3   Next: 91%
Magic:  2/2        EV: 10    Int:  9    God:    Xom [.....*]
Gold:   84         SH:  0    Dex: 11    Spells: 2/2 levels left

rFire   x . .      SeeInvis .   a - +0 hand axe (chaos)
rCold   + . .      Faith    .   (no shield)
rNeg    . . .      Spirit   .   e - +3 ring mail
rPois   .          Reflect  .   (helmet restricted)
rElec   .          Harm     .   (no cloak)
rCorr   .          Rampage  .   (no gloves)
Will    .....                   (no boots)
Stlth   +.........              (no amulet)
HPRegen 0.11/turn               j - ring of ice
MPRegen 0.08/turn               (no ring)

@: lethally poisoned (0 -> -9), unable to read
A: horns 2, retaliatory headbutt, weak 2, inability to read while threatened
a: Renounce Religion


You were on level 2 of the Dungeon.
You worshipped Xom.
You were Xom's teddy bear.
You visited 1 branch of the dungeon, and saw 2 of its levels.

You collected 84 gold pieces.

Inventory:

Hand Weapons
 a - a +0 hand axe of chaos (weapon)
 l - a +0 falchion of freezing
Armour
 b - a +2 leather armour
 e - a +3 ring mail (worn)
Jewellery
 j - a ring of ice (left hand)
Scrolls
 c - a scroll of blinking {unknown}
 f - 3 scrolls of identify {unknown}
 g - 3 scrolls of teleportation {unknown}
 h - a scroll of fear {unknown}
 i - 2 scrolls of enchant armour {unknown}
 k - a scroll of vulnerability {unknown}
Potions
 d - a potion of ambrosia {unknown}
 m - a potion of lignification {unknown}


   Skills:
 + Level 4.2 Fighting
 + Level 4.8 Axes
 + Level 3.0 Armour
 + Level 1.6 Dodging


You had 2 spell levels left.
You didn't know any spells.
Your spell library was empty.

Dungeon Overview and Level Annotations

Branches:
Dungeon (2/15)

Altars:

Annotations:
D:2 Crazy Yiuf


Innate Abilities, Weirdness & Mutations

You have a pair of horns on your head.
You reflexively headbutt those who attack you in melee.
You are very weak. (Str -4)
You sometimes lose the ability to read scrolls when taking damage.


Message History

m - a glowing ruby potion {god gift}
There are no items here.
Found an escape hatch in the floor.
There is an escape hatch in the floor here.
There is an escape hatch in the floor here.
Found a mace.
Found a runed translucent door.
Crazy Yiuf shouts!
Crazy Yiuf whimpers, "Announcement!"
You see here 15 stones.
A giant cockroach comes into view.
The giant cockroach bites you but does no damage.
The giant cockroach closely misses you.
You completely miss the giant cockroach.
The giant cockroach bites you but does no damage.
You hit the giant cockroach but do no damage.
The giant cockroach bites you but does no damage.
You closely miss the giant cockroach. You headbutt the giant cockroach.
You kill the giant cockroach!
You see here 15 stones.
Crazy Yiuf shouts!
You open the door. You hit Crazy Yiuf but do no damage.
Crazy Yiuf hits you with a +3 quarterstaff of chaos!
Crazy Yiuf freezes you.
You feel threatened and lose the ability to read scrolls!
You hit Crazy Yiuf.
Crazy Yiuf is lightly wounded.
Crazy Yiuf hits you but does no damage.
You hit Crazy Yiuf. Your headbutt misses Crazy Yiuf.
Crazy Yiuf is moderately wounded.
Crazy Yiuf cries, "Peeping snockshim eyeball!"
Crazy Yiuf hits you with a +3 quarterstaff of chaos!
* * * LOW HITPOINT WARNING * * *
You are lethally poisoned!
You hit Crazy Yiuf. You freeze Crazy Yiuf.
Crazy Yiuf is moderately wounded.
* * * LOW HITPOINT WARNING * * *
You feel very sick.
Crazy Yiuf hits you with a +3 quarterstaff of chaos.
You die...

#.##......###.#...#
###########.
#.#..##..## #######
#.......####
#.#.###..#
#######..... ##...#
##.# ##### #####.
#...#####.# #)..#
### ..#.......##
#...# ##########..
.#.........# ...
#...........
##..#####.## #g#
#######...##
#..##..†...# #@##
#.#### ..###......#
##.# ##..... .##
#......# #.##
###...###
.####......# ##.#
#.....#
....#......# ##.##
####..####
....#......# ##...#
#.....######
....######## #....#
#........... ....#
#....# #.##########
....# #....###.#


You could see Crazy Yiuf.

Vanquished Creatures
  Terence (D:2)
  An adder (D:2)
  A worm (D:2)
  6 bats
  6 endoplasms
  A giant cockroach (D:2)
  A goblin (D:1)
  2 hobgoblins (D:2)
  A quokka (D:1)
  2 frilled lizards
  2 kobolds (D:1)
  4 rats
28 creatures vanquished.

Vanquished Creatures (collateral kills)
  A ball python (D:2)
1 creature vanquished.

Grand Total: 29 creatures vanquished

Notes
Turn   | Place    | Note
-------+----------+-------------------------------------------
     0 | D:1      | cbfl8 the Minotaur Chaos Knight began the quest for the
                  | Orb.
     0 | D:1      | Reached XP level 1. HP: 19/19 MP: 0/0
   104 | D:1      | XOM: silly message
   374 | D:1      | XOM: silly message
   421 | D:1      | Reached XP level 2. HP: 27/27 MP: 1/1
   696 | D:1      | XOM: noise
   931 | D:2      | Noticed Terence
   931 | D:2      | XOM: enchant monster (good)
  1000 | D:2      | XOM: polymorph endoplasm -> bat
  1108 | D:2      | XOM: cloud trail
  1309 | D:2      | XOM: give mutations
  1309 | D:2      | Gained mutation: You are weak. (Str -2) [Xom's mischief]
  1309 | D:2      | Gained mutation: You sometimes lose the ability to read
                  | scrolls when taking damage. [Xom's mischief]
  1309 | D:2      | Gained mutation: You are very weak. (Str -4) [Xom's
                  | mischief]
  1317 | D:2      | Killed Terence
  1318 | D:2      | Reached XP level 3. HP: 32/33 MP: 2/2
  1483 | D:2      | XOM: 5-stop teleportation journey
  1715 | D:2      | XOM: god gift: glowing ruby potion {god gift}
  1775 | D:2      | Found a runed translucent door.
  1776 | D:2      | Noticed Crazy Yiuf
  1966 | D:2      | Slain by Crazy Yiuf

Illustrated notes

Levels and vault maps discovered:
D:1:      erik_arrival_cave_to_civilisation [erik_arrival_cave_to_hall],
          layout_basic, minmay_misc_feat_room
D:2:      layout_rooms, uniq_terence, uniq_crazy_yiuf_cottage

Skill      XL: |  1  2 |
---------------+-------+-----
Axes           | 4 |  4.8
Fighting       | 4 |  4.2
Armour         | 3 |  3.0
Dodging        | |  1.6

Action                   || total
-------------------------++-------
Melee: Hand axe          ||    73
       Headbutt          ||    10
Armor: Ring mail         ||    50
       Leather armour    ||     1
Dodge: Dodged            ||    58
